 Dungeon Crawl Stone Soup version 0.30-a0-1164-ge08a67761e (webtiles) character file.

Game seed: 17733256551347692916

15450 quinnr the Prestidigitator (level 12, -2/68 HPs)
             Began as a Tengu Air Elementalist on Apr 29, 2023.
             Was a Believer of Vehumet.
             Slain by a komodo dragon (28 damage)
             ... on level 2 of the Lair of Beasts.
             The game lasted 00:38:53 (17981 turns).

quinnr the Prestidigitator (TeAE)                  Turns: 17981, Time: 00:38:54

Health: -2/68      AC:  6    Str: 10    XL:     12   Next: 27%
Magic:  11/25      EV: 21    Int: 26    God:    Vehumet [**....]
Gold:   1298       SH:  0    Dex: 14    Spells: 13/27 levels left

rFire   + . .        b - staff of earth {!a}
rCold   + . .        (no shield)
rNeg    . . .        u - +1 leather armour {rF+}
rPois   +            O - +0 hat
rElec   .            C - +1 cloak {rPois}
rCorr   .            (no gloves)
SInv    .            (boots unavailable)
Will    +....        (no amulet)
Stlth   +++          N - ring "Hour" {rC+ EV+5 Int+6 Stlth+}
HPRegen 0.31/turn    W - ring of willpower
MPRegen 0.19/turn

%: no passive effects
@: flying quickly and evasively, studying Evocations, quick
A: beak, talons 3, nimble flight
a: Renounce Religion


You were on level 2 of the Lair of Beasts.
You worshipped Vehumet.
Vehumet was pleased with you.
You visited 3 branches of the dungeon, and saw 14 of its levels.
You also visited: Bailey.

You collected 2418 gold pieces.
You spent 1120 gold pieces at shops.


Innate Abilities, Weirdness & Mutations

You have a beak for a mouth.
You have claws for feet.
Your magical nature lets you fly swiftly and evasively.


   Skills:
 - Level 5.0 Fighting
 - Level 2.0 Armour
 + Level 6.1 Dodging
 + Level 4.3 Stealth
 - Level 8.0 Spellcasting
 - Level 8.0 Conjurations
 - Level 5.0 Summonings
 - Level 3.0 Transmutations
 - Level 4.0 Air Magic
 + Level 8.1 Earth Magic
 - Level 10.0 Evocations


You had 13 spell levels left.
You knew the following spells:

 Your Spells              Type           Power      Damage    Failure   Level
a - Passwall              Tmut/Erth      46%        N/A       1%          2
p - Poisonous Vapours     Pois/Air       40%        N/A       4%          2
t - Static Discharge      Conj/Air       82%        2-6/arc   1%          2
w - Stone Arrow           Conj/Erth      100%       3d13      1%          3
z - Shock                 Conj/Air       100%       1d9       1%          1
X - Animate Armour        Summ/Erth      100%       N/A       4%          4

Your spell library contained the following spells:

 Spells                   Type           Power      Damage    Failure   Level
 Kiss of Death            Conj/Necr      100%       2d13      1%          1
 Dazzling Flash           Conj/Hex       62%        N/A       4%          3
 Swiftness                Air            31%        N/A       4%          3
 Ensorcelled Hibernation  Hex/Ice        20%        N/A       11%         2
 Airstrike                Air            15%        2d(3-19)  14%         4
 Confusing Touch          Hex            10%        N/A       22%         3
 Gell's Gravitas          Tloc           10%        N/A       22%         3
 Teleport Other           Tloc           10%        N/A       22%         3
 Dispel Undead            Necr           10%        3d9       58%         4
 Silence                  Hex/Air        10%        N/A       65%         5
 Agony                    Necr           10%        N/A       90%         5
 Dispersal                Tloc           5%         N/A       100%        6
 Lehudib's Crystal Spear  Conj/Erth      34%        10d9      100%        8

Inventory:

Hand Weapons
 w - a +2 dagger of protection
 y - the +5 war axe "Lifebane" {freeze, Str+5 Dex+2 SInv Stlth-}
   (You took it off a kobold brigand on level 6 of the Dungeon)

   Str:       It affects your strength (+5).
   Dex:       It affects your dexterity (+2).
   SInv:      It lets you see invisible.
   Stlth:     It makes you less stealthy.
 L - a +2 dagger of freezing
Armour
 u - a +1 leather armour of fire resistance (worn)
 C - a +1 cloak of poison resistance (worn)
 H - the +6 chain mail "Mybeuw" {rC+ rN+ Str+3 Int-2}
   (You found it on level 8 of the Dungeon)

   Str:       It affects your strength (+3).
   Int:       It affects your intelligence (-2).
   rC:        It protects you from cold.
   rN:        It protects you from negative energy.
 O - a +0 hat (worn)
Magical Staves
 b - a staff of earth (weapon) {!a}
 v - a staff of cold {!a}
 D - a staff of conjuration {!a}
Jewellery
 a - the ring "Tizeqabo" {rF+ rC+}
   (You acquired it on level 8 of the Dungeon)

   [ring of protection from fire]

   rF:        It protects you from fire.
   rC:        It protects you from cold.
 g - an amulet of magic regeneration
 E - the ring "Poupt" {rCorr Dex+6}
   (You acquired it in a bailey)

   [ring of resist corrosion]

   Dex:       It affects your dexterity (+6).
   rCorr:     It protects you from acid and corrosion.
 N - the ring "Hour" (left hand) {rC+ EV+5 Int+6 Stlth+}
   (You acquired it on level 10 of the Dungeon)

   [ring of evasion]

   EV:        It affects your evasion (+5).
   Int:       It affects your intelligence (+6).
   rC:        It protects you from cold.
   Stlth:     It makes you more stealthy.
 P - a ring of poison resistance
 W - a ring of willpower (right hand)
Wands
 r - a wand of charming (4)
 F - a wand of digging (5)
 I - a wand of roots (4)
 K - a wand of mindburst (16)
Scrolls
 e - a scroll of enchant weapon {unknown}
 f - 7 scrolls of teleportation {@r2}
 h - 2 scrolls of amnesia
 j - a scroll of torment {unknown}
 k - 2 scrolls of magic mapping {unknown}
 o - a scroll of blinking {unknown}
 s - 2 scrolls of immolation {unknown}
 t - a scroll of enchant armour {unknown}
 A - a scroll of vulnerability
 B - a scroll of poison
 J - a scroll of fog {unknown}
 M - a scroll of fear
Potions
 c - 3 potions of resistance
 d - 4 potions of mutation
 i - 3 potions of curing {@q1}
 l - 6 potions of haste {@q3}
 m - 3 potions of attraction
 n - 3 potions of brilliance
 p - 2 potions of cancellation {unknown}
 q - a potion of degeneration
 x - 2 potions of invisibility
 z - 4 potions of heal wounds {@q2}
 G - a potion of experience {unknown}
 Q - a potion of ambrosia {unknown}

Dungeon Overview and Level Annotations

Branches:
Dungeon (11/15)            Temple (1/1) D:7            Lair (2/5) D:10
  Snake (0/4) Lair:2       Bailey (visited)
  Swamp: Lair:2-3    Shoals: Lair:2-3       Orc: D:9-12

Altars:
Ashenzari
Cheibriados
Dithmenos
Hepliaklqana
Kikubaaqudgha
Okawaru
Sif Muna
Vehumet
Xom
Yredelemnul
The Shining One

Shops:
D:8 :   D:10 *

Annotations:
D:8 exclusion: downstairs
D:10 1 transporter, exclusion: downstairs
Lair:1 exclusion: downstairs

###### ####...(# #.$#.l@#
#[..####### ##...#....#
.##......#..#.#..l..▒ .
.........#..##......▒..##
.........#..#..~##..▒...#
.........#)##..###.....#
..P......## #..# #..▒..##
<........## #..###......#


You could see a komodo dragon.


Message History

Aiming: Passwall (safe; 1% risk of failure)
Press: ? - help, Dir - move target A rock wall.
You feel a surge of power!
The komodo dragon bites you but does no damage.
The komodo dragon barely misses you. x2
You finish merging with the rock.
Unknown command.
You start resting.
A komodo dragon is nearby!
Casting: Passwall (safe; 1% risk of failure)
Confirm with . or Enter, or press ? or * to list all spells.
Aiming: Stone Arrow (safe; 1% risk of failure)
Press: ? - help, Shift-Dir - straight line, f - komodo dragon
Aim: a komodo dragon (84% to hit)
You feel a surge of power!
The stone arrow misses the komodo dragon.
The sentinel's mark upon you fades away.
The komodo dragon bites you!!
Casting: Stone Arrow (safe; 1% risk of failure)
Confirm with . or Enter, or press ? or * to list all spells.
Aiming: Passwall (safe; 1% risk of failure)
Press: ? - help, Dir - move target, p - komodo dragon A rock wall.
You feel a surge of power!
The komodo dragon completely misses you.
The komodo dragon bites you!!
* * * LOW HITPOINT WARNING * * *
The komodo dragon bites you!!
You die...

Skill      XL: |  1  2  3  4  5  6  7  8  9 10 11 12 |
---------------+-------------------------------------+-----
Conjurations   | 2 3 5 6 7 8 |  8.0
Fighting       | 1 2 5 |  5.0
Dodging        | 3 5 6 |  6.1
Stealth        | 3 4 |  4.3
Spellcasting   | 3 4 7 8 |  8.0
Earth Magic    | 1 2 4 5 6 7 8 |  8.1
Armour         | 2 |  2.0
Evocations     | 3 6 9 10 | 10.0
Summonings     | 2 5 |  5.0
Transmutations | 3 |  3.0
Air Magic      | |  4.0

Action                     |  1- 3 |  4- 6 |  7- 9 | 10-12 || total
---------------------------+-------+-------+-------+-------++-------
  Melee: Unarmed           |    11 |       |       |       ||    11
         Peck              |     1 |       |       |     7 ||     8
         Staff             |       |       |     4 |    20 ||    24
         Kick              |       |       |     2 |     9 ||    11
         Punch             |       |       |       |     1 ||     1
   Cast: Shock             |    81 |    67 |   150 |   108 ||   406
         Static Discharge  |     2 |     6 |     8 |    26 ||    42
         Stone Arrow       |       |     4 |    69 |   163 ||   236
         Passwall          |       |       |     3 |     7 ||    10
         Animate Armour    |       |       |       |    10 ||    10
         Poisonous Vapours |       |       |       |     7 ||     7
  Evoke: Wand              |       |       |       |     8 ||     8
    Use: Scroll            |       |     5 |    10 |     6 ||    21
         Potion            |       |     1 |     1 |     1 ||     3
 Armour: Robe              |     3 |       |       |       ||     3
         Leather armour    |       |       |     7 |    28 ||    35
  Dodge: Dodged            |    13 |     6 |    40 |   134 ||   193

Levels and vault maps discovered:
D:1:      scummos_arrival_hexagon, layout_basic, chequers_mini_garden,
          minmay_misc_feat_tower
D:2:      layout_rooms
D:3:      layout_loops_ring, minmay_misc_feat_plants
D:4:      minmay_general_purpose_star, layout_rooms,
          nicolae_dithmenos_the_darkroom, kennysheep_small_spiral, uniq_robin,
          uniq_grinder, uniq_edmund
D:5:      wander_river, layout_basic, nicolae_overflow_squiral,
          minmay_misc_feat_more_columns, minivault_19
D:6:      layout_basic
D:7:      layout_layer_cave, minmay_temple_entry_butterflies, uniq_menkaure,
          uniq_duvessa, uniq_crazy_yiuf_cottage
D:8:      layout_gridville, kennysheep_vampire_church, enter_bailey_2,
          nicolae_shop_vocational
D:9:      layout_rooms
D:10:     layout_roguey, mainiacjoe_overflow_boulevard, lair_entry_dummy,
          serial_shops, nicolae_shop_drivethru
D:11:     layout_basic, serial_shops, shop_fountains, uniq_harold, uniq_maurice
Temple:   minmay_crystal_spiral_temple
Lair:1:   layout_cave_pods
Lair:2:   layout_cave_shapes, shoals_dummy_entry, dummy_snake_entry,
          hangedman_lair_generics_rect

Notes
Turn   | Place    | Note
-------+----------+-------------------------------------------
     0 | D:1      | quinnr the Tengu Air Elementalist began the quest for the
                  | Orb.
     0 | D:1      | Reached XP level 1. HP: 10/10 MP: 4/4
    99 | D:1      | Reached skill level 2 in Conjurations
   213 | D:2      | Reached XP level 2. HP: 15/15 MP: 3/6
   337 | D:1      | Reached skill level 3 in Conjurations
   354 | D:1      | Learned a level 2 spell: Static Discharge
  1022 | D:2      | Reached XP level 3. HP: 19/19 MP: 5/7
  1075 | D:2      | Reached skill level 4 in Conjurations
  1553 | D:4      | Noticed Robin
  1857 | D:3      | Reached skill level 5 in Conjurations
  1857 | D:3      | Reached XP level 4. HP: 16/24 MP: 2/8
  2619 | D:3      | Reached skill level 6 in Conjurations
  2739 | D:3      | Learned a level 3 spell: Stone Arrow
  2761 | D:4      | Gained mutation: Your magical nature lets you fly swiftly
                  | and evasively. [Tengu growth]
  2761 | D:4      | Reached XP level 5. HP: 14/28 MP: 2/9
  2977 | D:4      | Noticed a black bear
  2978 | D:4      | Killed Robin
  3036 | D:3      | Learned a level 2 spell: Passwall
  3115 | D:4      | Noticed Grinder
  3261 | D:4      | Reached skill level 1 in Fighting
  3261 | D:4      | Reached XP level 6. HP: 31/34 MP: 5/10
  3484 | D:3      | Identified a potion of resistance
  3534 | D:4      | Paralysed by Grinder for 3 turns
  3548 | D:4      | Killed Grinder
  3549 | D:4      | Reached skill level 3 in Dodging
  3549 | D:4      | Reached skill level 3 in Stealth
  3549 | D:4      | Reached skill level 3 in Spellcasting
  3549 | D:4      | Reached skill level 1 in Earth Magic
  3549 | D:4      | Reached XP level 7. HP: 26/39 MP: 6/12
  3642 | D:4      | Noticed Edmund
  3659 | D:4      | Killed Edmund
  3660 | D:4      | Reached skill level 2 in Fighting
  3660 | D:4      | Reached skill level 7 in Conjurations
  3877 | D:4      | Reached skill level 1 in Armour
  4048 | D:4      | Reached skill level 2 in Earth Magic
  4376 | D:4      | Found a shadowy altar of Dithmenos.
  4538 | D:5      | Entered Level 5 of the Dungeon
  4815 | D:4      | Reached skill level 2 in Armour
  4815 | D:4      | Reached skill level 4 in Spellcasting
  4815 | D:4      | Reached XP level 8. HP: 44/44 MP: 1/15
  5010 | D:5      | Reached skill level 3 in Earth Magic
  5293 | D:5      | Found a shimmering altar of Xom.
  5296 | D:5      | Found an iron altar of Okawaru.
  5545 | D:5      | Reached skill level 4 in Earth Magic
  5816 | D:6      | Reached skill level 1 in Evocations
  5912 | D:6      | Reached skill level 2 in Evocations
  5916 | D:6      | Reached skill level 3 in Evocations
  5922 | D:6      | Reached skill level 3 in Fighting
  5978 | D:6      | Identified the +5 war axe "Lifebane" {freeze, Str+5 Dex+2
                  | SInv Stlth-}
  6114 | D:6      | Reached skill level 4 in Fighting
  6418 | D:6      | Reached skill level 5 in Fighting
  6418 | D:6      | Reached XP level 9. HP: 54/54 MP: 4/16
  6888 | D:7      | Noticed Menkaure
  6892 | D:7      | Killed Menkaure
  6940 | D:7      | Reached skill level 5 in Spellcasting
  7268 | D:7      | Noticed Dowan
  7309 | D:7      | Noticed Duvessa
  7682 | D:7      | Reached skill level 6 in Spellcasting
  7782 | D:7      | Found a staircase to the Ecumenical Temple.
  7810 | Temple   | Entered the Ecumenical Temple
  7855 | Temple   | Became a worshipper of Vehumet
  7909 | D:7      | Noticed a hornet
  7914 | D:7      | Killed a hornet
  8478 | D:7      | Found a runed translucent door.
  8479 | D:7      | Noticed Crazy Yiuf
  8668 | D:7      | Reached skill level 7 in Spellcasting
  8837 | D:7      | Killed Crazy Yiuf
  9313 | D:7      | Found a staircase to the Ecumenical Temple.
  9799 | D:7      | Killed Duvessa
 10474 | D:7      | Killed Dowan
 10651 | D:7      | Found a staircase to the Ecumenical Temple.
 11031 | D:8      | Identified a scroll of acquirement
 11031 | D:8      | Acquired the ring "Tizeqabo" {rF+ rC+}
 11136 | D:8      | Reached skill level 5 in Earth Magic
 11139 | D:8      | Found a flagged portal.
 11141 | D:8      | Reached XP level 10. HP: 59/59 MP: 11/21
 11149 | Bailey   | Entered a bailey
 11226 | Bailey   | Reached skill level 4 in Evocations
 11271 | Bailey   | Reached skill level 8 in Conjurations
 11590 | Bailey   | Noticed Prince Ribbit
 11596 | Bailey   | Killed Prince Ribbit
 11693 | Bailey   | Noticed a vault guard
 11828 | Bailey   | Killed a vault guard
 11829 | Bailey   | Reached skill level 5 in Evocations
 11886 | Bailey   | Noticed a vault guard
 11897 | Bailey   | Killed a vault guard
 11898 | Bailey   | Reached skill level 8 in Spellcasting
 11898 | Bailey   | Reached skill level 6 in Earth Magic
 12021 | Bailey   | Acquired the ring "Poupt" {rCorr Dex+6}
 12052 | D:8      | Reached skill level 6 in Evocations
 12260 | D:8      | Identified the +6 chain mail "Mybeuw" {rC+ rN+ Str+3 Int-2}
 12363 | D:8      | Reached * piety under Vehumet
 12363 | D:8      | Offered knowledge of Foxfire by Vehumet.
 12371 | D:8      | Learned a level 4 spell: Animate Armour
 12379 | D:8      | Found Kollo's Vocational Training.
 12395 | D:8      | Reached skill level 1 in Summonings
 12543 | D:8      | Reached skill level 2 in Summonings
 12543 | D:8      | Reached XP level 11. HP: 63/63 MP: 20/24
 12621 | D:8      | Acquired 990 gold pieces
 12622 | D:8      | Acquired 409 gold pieces
 12623 | D:8      | Acquired 284 gold pieces
 12649 | D:8      | Bought a manual of Evocations for 1120 gold pieces
 13025 | D:8      | Found an ancient bone altar of Kikubaaqudgha.
 13140 | D:8      | Reached skill level 3 in Summonings
 13314 | D:8      | Reached skill level 1 in Transmutations
 13474 | D:8      | Reached skill level 7 in Earth Magic
 13816 | D:9      | Noticed a two-headed ogre
 13985 | D:8      | HP: 6/60 [two-headed ogre/+0 giant club (12)]
 13993 | D:8      | Killed a two-headed ogre
 13994 | D:8      | Reached skill level 4 in Summonings
 13994 | D:8      | Reached skill level 7 in Evocations
 14396 | D:9      | Offered knowledge of Poisonous Vapours by Vehumet.
 14397 | D:9      | Reached skill level 2 in Transmutations
 14515 | D:8      | Reached ** piety under Vehumet
 15208 | D:10     | Entered Level 10 of the Dungeon
 15338 | D:10     | Acquired the ring "Hour" {rC+ EV+5 Int+6 Stlth+}
 15383 | D:11     | Identified the +4 long sword of the First Emperors {flame,
                  | Fragile rElec rN+ Str+5}
 15446 | D:11     | Noticed a manticore
 15454 | D:11     | Killed a manticore
 15455 | D:11     | Reached skill level 4 in Dodging
 15455 | D:11     | Reached skill level 5 in Summonings
 15664 | D:10     | Found a transporter.
 15664 | D:10     | Found Laushent's General Store.
 15692 | D:10     | Noticed a boulder beetle
 15898 | D:10     | Reached skill level 8 in Evocations
 16188 | D:10     | Found a staircase to the Lair.
 16200 | Lair:1   | Entered Level 1 of the Lair of Beasts
 16237 | Lair:1   | Reached skill level 3 in Transmutations
 16310 | Lair:1   | Learned a level 2 spell: Poisonous Vapours
 16685 | Lair:1   | Reached skill level 5 in Dodging
 16867 | Lair:1   | Reached skill level 9 in Evocations
 17262 | Lair:2   | Found a staircase to the Snake Pit.
 17294 | Lair:2   | Reached XP level 12. HP: 60/68 MP: 12/25
 17309 | Lair:2   | Noticed a death yak
 17359 | Lair:2   | Noticed a six-headed hydra
 17799 | Lair:1   | Reached skill level 8 in Earth Magic
 17880 | Lair:2   | Reached skill level 4 in Stealth
 17880 | Lair:2   | Killed a death yak
 17881 | Lair:2   | Reached skill level 6 in Dodging
 17966 | Lair:2   | Reached skill level 10 in Evocations
 17981 | Lair:2   | Slain by a komodo dragon

Vanquished Creatures
  2 vault guards (Bailey)
  A two-headed ogre (D:8)
  A death yak (Lair:2)
  A manticore (D:11)
  2 elephants
  4 cane toads
  A kobold demonologist (D:9)
  A rime drake (Lair:1)
  A komodo dragon (Lair:1)
  2 trolls
  A polar bear (Lair:2)
  A hornet (D:7)
  Prince Ribbit (Bailey)
  Grinder (D:4)
  17 yaks
  4 wyverns
  4 humans (Bailey)
  A wraith (D:7)
  A basilisk (Lair:1)
  Menkaure (D:7)
  3 steam dragons
  An acid dragon (D:9)
  Edmund (D:4)
  6 water moccasins
  Duvessa (D:7)
  2 ice beasts
  An orc warrior (D:9)
  A sky beast (D:7)
  A black bear (D:4)
  2 ogres
  A centaur (D:8)
  3 kobold brigands
  2 scorpions
  6 bullfrogs
  12 wights
  Dowan (D:7)
  11 killer bees
  A vampire bat (D:8)
  2 orc priests
  2 hounds (D:4)
  Crazy Yiuf (D:7)
  2 gnoll boudas
  2 sleepcaps
  3 iguanas
  7 orc wizards
  Robin (D:4)
  12 gnolls
  3 adders
  2 shadow imps
  A white imp (D:7)
  5 worms
  23 orcs
  8 bats
  A bat skeleton (D:8)
  2 bat zombies (D:8)
  5 endoplasms
  A giant cockroach (D:2)
  12 goblins
  16 hobgoblins
  8 jackals
  22 kobolds
  4 quokkas
  7 ball pythons
  3 frilled lizards
  9 rats
268 creatures vanquished.

Vanquished Creatures (collateral kills)
  A bat skeleton (D:8)
1 creature vanquished.

Vanquished Creatures (others)
  A hydra (Lair:2)
  5 fungi
6 creatures vanquished.

Grand Total: 275 creatures vanquished

Table legend: (Time is in decaauts)
 A = Elapsed time spent in this place.
 B = Non-inter-level travel time spent in this place.
 C = Inter-level travel time spent in this place.
 D = Time resting spent in this place.
 E = Time spent auto-exploring this place.
 F = Levels seen in this place.
 G = Mean time per level.
                   A        B        C        D        E       F      G
               +--------+--------+--------+--------+--------+-----+--------+
         Total |  17244 |  16284 |    960 |   2622 |  11486 |  15 | 1149.6 |
       Dungeon |  14497 |  13671 |    826 |   2271 |   9689 |  11 | 1317.9 |
        Temple |    198 |    168 |     30 |    127 |     34 |   1 |  198.0 |
          Lair |   1675 |   1572 |    103 |    115 |   1191 |   2 |  837.5 |
        Bailey |    871 |    871 |      0 |    109 |    571 |   1 |  871.0 |
               +--------+--------+--------+--------+--------+-----+--------+

Top non-repeatable levels by time:
     D:7: 3953 daAuts
     D:8: 2370 daAuts
     D:3: 1759 daAuts
     D:4: 1502 daAuts
  Lair:1: 1358 daAuts
     D:9: 942 daAuts
     D:6: 939 daAuts
  Bailey: 871 daAuts
     D:5: 845 daAuts
     D:1: 825 daAuts
     D:2: 751 daAuts
    D:10: 455 daAuts
  Lair:2: 316 daAuts
  Temple: 198 daAuts
    D:11: 154 daAuts

Table legend:
 A = Non-vault XP
 B = Vault XP
 C = Vault XP percentage of total XP
 D = Non-vault monster count
 E = Vault monster count
 F = Vault count percentage of total count
                 A         B        C        D         E       F
            +---------+---------+-------+---------+---------+-------
      Total |   15981 |    6091 |  27.6 |     223 |      47 |  17.4
            +---------+---------+-------+---------+---------+-------
        D:1 |      22 |       0 |   0.0 |      14 |       0 |   0.0
        D:2 |      32 |       0 |   0.0 |      15 |       0 |   0.0
        D:3 |     106 |       0 |   0.0 |      26 |       0 |   0.0
        D:4 |     579 |     467 |  44.6 |      28 |      17 |  37.8
        D:5 |     410 |       0 |   0.0 |      10 |       0 |   0.0
        D:6 |     889 |       0 |   0.0 |      22 |       0 |   0.0
        D:7 |    1525 |     421 |  21.6 |      19 |       4 |  17.4
        D:8 |    4594 |      63 |   1.4 |      38 |       5 |  11.6
        D:9 |    1655 |       0 |   0.0 |      23 |       0 |   0.0
       D:10 |     750 |       0 |   0.0 |       9 |       0 |   0.0
       D:11 |    1062 |       0 |   0.0 |       3 |       0 |   0.0
     Lair:1 |    3431 |       0 |   0.0 |      13 |       0 |   0.0
     Lair:2 |     926 |    2060 |  69.0 |       3 |       5 |  62.5
     Bailey |       0 |    3080 | 100.0 |       0 |      16 | 100.0
            +---------+---------+-------+---------+---------+-------

Levels and vault maps discovered:
D:1:      scummos_arrival_hexagon, layout_basic, chequers_mini_garden,
          minmay_misc_feat_tower
D:2:      layout_rooms
D:3:      layout_loops_ring, minmay_misc_feat_plants
D:4:      minmay_general_purpose_star, layout_rooms,
          nicolae_dithmenos_the_darkroom, kennysheep_small_spiral, uniq_robin,
          uniq_grinder, uniq_edmund
D:5:      wander_river, layout_basic, nicolae_overflow_squiral,
          minmay_misc_feat_more_columns, minivault_19
D:6:      layout_basic
D:7:      layout_layer_cave, minmay_temple_entry_butterflies, uniq_menkaure,
          uniq_duvessa, uniq_crazy_yiuf_cottage
D:8:      layout_gridville, kennysheep_vampire_church, enter_bailey_2,
          nicolae_shop_vocational
D:9:      layout_rooms
D:10:     layout_roguey, mainiacjoe_overflow_boulevard, lair_entry_dummy,
          serial_shops, nicolae_shop_drivethru
D:11:     layout_basic, serial_shops, shop_fountains, uniq_harold, uniq_maurice
Temple:   minmay_crystal_spiral_temple
Lair:1:   layout_cave_pods
Lair:2:   layout_cave_shapes, shoals_dummy_entry, dummy_snake_entry,
          hangedman_lair_generics_rect
